 Dungeon Crawl Stone Soup version 0.24-a0-539-g6aae15eeb0 (webtiles) character file.

Game seed: 2218491285006975661

8 Chiseanne the Magician (level 2, 15/19 HPs)
             Began as a Demonspawn Wizard on Aug 17, 2019.
             Quit the game on level 1 of the Dungeon.
             The game lasted 00:00:55 (441 turns).

Chiseanne the Magician (Demonspawn Wizard)           Turns: 441, Time: 00:00:56

Health: 15/19      AC:  2    Str:  7    XL:     2   Next: 0%
Magic:  2/6        EV: 12    Int: 19    God:
Gold:   26         SH:  0    Dex: 11    Spells: 6/7 levels left

rFire    . . .     SeeInvis .   e - +0 club
rCold    . . .     Gourm    .   (no shield)
rNeg     . . .     Faith    .   a - +0 robe
rPois    .         Spirit   .   b - +0 hat
rElec    .         Reflect  .   (no cloak)
rCorr    .         Harm     .   (no gloves)
MR       .....                  (no boots)
Stlth    ++........             (no amulet)
HPRegen  0.06/turn              (no ring)
MPRegen  0.10/turn              (no ring)

@: no status effects
A: talons 1
a: no special abilities


You were on level 1 of the Dungeon.
You were not hungry.

You visited 1 branch of the dungeon, and saw 1 of its levels.

You collected 26 gold pieces.

Inventory:

Hand Weapons
 e - a +0 club (weapon)
Missiles
 c - 24 stones (quivered)
Armour
 a - a +0 robe (worn)
 b - a +0 hat (worn)
Potions
 f - a potion of curing {unknown}
Comestibles
 d - a ration


   Skills:
 - Level 1.7 Dodging
 - Level 1.7 Stealth
 * Level 3.2 Spellcasting
 * Level 1.6 Conjurations
   Level 1.0 Summonings
   Level 0.8 Translocations


You had 6 spell levels left.
You knew the following spells:

 Your Spells              Type           Power        Failure   Level  Hunger
a - Magic Dart            Conj           #...         8%          1    None

Your spell library contained the following spells:

 Spells                   Type           Power        Failure   Level  Hunger
 Blink                    Tloc           N/A          16%         2    ##.....
 Call Imp                 Summ           #.......     16%         2    ##.....
 Slow                     Hex            #.......     22%         2    ##.....
 Conjure Flame            Conj/Fire      #.......     32%         3    ###....
 Mephitic Cloud           Conj/Pois/Air  #.......     34%         3    ###....


Dungeon Overview and Level Annotations

Branches:
Dungeon (1/15)

Altars:


Innate Abilities, Weirdness & Mutations

You have sharp toenails.


Message History

You closely miss the giant cockroach.
The giant cockroach is heavily wounded.
The giant cockroach barely misses you. The giant cockroach bites you.
You hit the giant cockroach.
The giant cockroach is almost dead.
The giant cockroach bites you but does no damage.
You hit the giant cockroach but do no damage.
The giant cockroach is almost dead.
The giant cockroach bites you but does no damage.
The giant cockroach closely misses you.
You barely miss the giant cockroach.
The giant cockroach is almost dead.
The giant cockroach misses you.
You hit the giant cockroach.
You kill the giant cockroach!
You have reached level 2!
Your demonic ancestry asserts itself...
Your toenails lengthen and sharpen.
Your magical contamination has completely faded away.
Are you sure you want to abandon this character and quit the game? (Confirm with "yes".)

..#.#..#......# #
#.#.##'##.#.......
....#.....#.#+####
#...'.....+....#
#...#..........####
#...#....#.#...+..# #
....##.........##.#.#
....##.#.#.#...##.#.#####
....^..#.......+@†.......
.#.#.#.........##.#.####
........##.....##.#
.#.#.#.###..#####.#####..
.......# #.>.............
.#.#.#.# ########.######.
.......# #.# ######## #.#
#.#


There were no monsters in sight!

Vanquished Creatures
  A ball python (D:1)
  A giant cockroach (D:1)
  A hobgoblin (D:1)
  2 bats (D:1)
  2 frilled lizards (D:1)
  A rat (D:1)
8 creatures vanquished.

Notes
Turn   | Place    | Note
-------+----------+-------------------------------------------
     0 | D:1      | Chiseanne the Demonspawn Wizard began the quest for the
                  | Orb.
     0 | D:1      | Reached XP level 1. HP: 13/13 MP: 4/4
   430 | D:1      | Gained mutation: You have sharp toenails. [demonic
                  | ancestry]
   430 | D:1      | Reached XP level 2. HP: 14/19 MP: 1/6
   441 | D:1      | Quit the game

Levels and vault maps discovered:
D:1:      dpeg_arrival_rooms_with_view, layout_basic, serial_glass,
          glass_columns_a, glass_columns_a, glass_columns_b, glass_columns_b,
          glass_columns_a, glass_columns_c, glass_columns_b, glass_columns_a,
          glass_columns_c, glass_columns_a, glass_columns_a, glass_columns_a,
          glass_columns_a, glass_columns_a, hangedman_decor_points,
          serial_park_tiny_1

Action                   || total
-------------------------++-------
Melee: Club              ||     7
       Unarmed           ||     3
 Cast: Magic Dart        ||    15
Armor: Robe              ||    14
Dodge: Dodged            ||    38

Table legend:
 A = Non-vault XP
 B = Vault XP
 C = Vault XP percentage of total XP
 D = Non-vault monster count
 E = Vault monster count
 F = Vault count percentage of total count
                 A         B        C        D         E       F
            +---------+---------+-------+---------+---------+-------
      Total |      11 |       1 |   8.3 |       7 |       1 |  12.5
            +---------+---------+-------+---------+---------+-------
        D:1 |      11 |       1 |   8.3 |       7 |       1 |  12.5
            +---------+---------+-------+---------+---------+-------
